AoeStats
← EL LEON

Arabian Desert

510028906Analyzed
1v1 RM · 4d ago on Sep 29, 2026· 32m 42s· 2 players
Game mode
Random Map
Map size
Tiny (2 player)
Population
200
Speed
Normal
Resources
Standard
Victory
Conquest
Starting age
Dark Age
Ending age
Imperial Age
RankedLock teamsTeams togetherTeam positionsShared explorationLock speedFull tech treeHidden civsTurbo modeCheats
Victory
Defeat
🇺🇾 Lithuanians · Uruguay
1116
+15
🇦🇷 Bulgarians · Argentina
1097
-15
EL LEON
0:38 Loom
10:24 Feudal Age
17:39 Castle Age
22:11 Double-Bit Axe
22:08 Horse Collar
26:08 Wheelbarrow
30:11 Pikeman
Rascatripa
6:21 Loom
9:18 Feudal Age
9:54 Double-Bit Axe
19:36 Castle Age
18:43 Scale Barding Armor
19:34 Forging
20:12 Bloodlines
25:10 Horse Collar
27:50 Scale Mail Armor
28:24 Chain Barding Armor
27:44 Pikeman
Connection lost

Rejoining the realm…

Still unreachable

The connection could not be restored.

Session expired

The server has moved on; the page needs a fresh start.